 Dungeon Crawl Stone Soup version 0.20-a0-1116-gaa52201 (webtiles) character file.

105 MenacingMecha the Poker (level 5, 0/38 HPs)
             Began as a Human Skald on May 7, 2017.
             Killed from afar by a dart slug (6 damage)
             ... with a slug dart
             ... on level 2 of the Dungeon.
             The game lasted 00:03:33 (2576 turns).

MenacingMecha the Poker (Human Skald)               Turns: 2576, Time: 00:03:34

Health: 0/38       AC:  3    Str: 12    XL:     5   Next: 8%
Magic:  0/8        EV: 12    Int: 13    God:
Gold:   108        SH:  0    Dex: 13    Spells: 7/8 levels left

rFire    . . .     SeeInvis .   a - +0 spear
rCold    . . .     Gourm    .   (no shield)
rNeg     . . .     Faith    .   b - +0 leather armour
rPois    .         Spirit   .   (no helmet)
rElec    .         Reflect  .   (no cloak)
rCorr    .         Harm     .   (no gloves)
MR       .....                  (no boots)
Stlth    +.........             n - amulet of magic regeneration
Regen    0.2/turn               (no ring)
MPRegen  0.2/turn               (no ring)

@: infused (expiring)
A: no striking features
a: no special abilities


You were on level 2 of the Dungeon.
You were hungry.

You visited 1 branch of the dungeon, and saw 2 of its levels.

You collected 108 gold pieces.

Inventory:

Hand Weapons
 a - a +0 spear (weapon)
Armour
 b - a +0 leather armour (worn)
 m - a +0 ring mail
   (You found it on level 2 of the Dungeon)
Jewellery
 n - an amulet of magic regeneration (around neck)
   (You found it on level 2 of the Dungeon)
Scrolls
 e - a scroll of enchant weapon {unknown}
 f - a scroll of remove curse {unknown}
 h - a scroll of amnesia {unknown}
 j - 2 scrolls of identify {unknown}
 l - a scroll of recharging {unknown}
 o - a scroll of fog {unknown}
 q - a scroll of immolation {unknown}
Potions
 g - 2 potions of heal wounds {unknown}
 i - a potion of invisibility {unknown}
 k - a potion of might {unknown}
Books
 c - a book of Battle
Comestibles
 d - 4 bread rations
 p - a meat ration
 r - a royal jelly


   Skills:
 - Level 2.0 Fighting
 + Level 4.8 Polearms
 - Level 1.0 Armour
 - Level 2.0 Dodging
 - Level 2.0 Spellcasting
 - Level 3.0 Charms


You had 7 spell levels left.
You knew the following spells:

 Your Spells              Type           Power        Failure   Level  Hunger
a - Infusion              Chrm           #...         10%         1    ##.....


Dungeon Overview and Level Annotations

Branches:
Dungeon (2/15)

Altars:
Okawaru


Message History

You are poisoned.
The adder poisons you!
You miss the adder.
You are feeling hungry.
You feel sick. The adder bites you.
You closely miss the adder. The adder bites you. The adder closely misses you.
You barely miss the adder. The adder bites you.
You closely miss the adder. The adder barely misses you.
You barely miss the adder.
Your magical infusion is running out.
You feel sick. The adder misses you.
You hit the adder.
The adder is moderately wounded.
The adder closely misses you.
You hit the adder.
The adder is almost dead.
The adder barely misses you.
You closely miss the adder.
The adder is almost dead.
The adder closely misses you.
You hit the adder.
You kill the adder!
You have reached level 5!
You hit the goblin.
The goblin is heavily wounded.
You feel sick. The goblin hits you.
You barely miss the goblin.
The goblin is heavily wounded.
The goblin hits you but does no damage.
You closely miss the goblin.
The goblin is heavily wounded.
You are no longer magically infusing your attacks.
The goblin completely misses you.
You hit the goblin but do no damage.
The goblin is heavily wounded.
The goblin barely misses you.
You hit the goblin but do no damage.
The goblin is heavily wounded.
You feel sick.
You are no longer poisoned.
The goblin hits you.
* * * LOW HITPOINT WARNING * * *
You barely miss the goblin.
The goblin is heavily wounded.
You hit the goblin but do no damage.
The goblin is heavily wounded.
The goblin hits you but does no damage.
A hobgoblin comes into view. It is wielding a club.
The hobgoblin shouts!
Casting: Infusion
Confirm with . or Enter, or press ? or * to list all spells.
You begin infusing your attacks with magical energy.
The goblin hits you but does no damage.
You hit the goblin!
You kill the goblin!
You hit the hobgoblin.
The hobgoblin is almost dead.
The hobgoblin hits you.
* * * LOW HITPOINT WARNING * * *
You barely miss the hobgoblin.
The hobgoblin is almost dead.
The hobgoblin closely misses you. The hobgoblin hits you.
* * * LOW HITPOINT WARNING * * *
You hit the hobgoblin.
You kill the hobgoblin!
The hobgoblin hits you.
* * * LOW HITPOINT WARNING * * *
You hit the hobgoblin.
The hobgoblin is moderately wounded.
The hobgoblin hits you but does no damage.
Attack whom?
Press: ? - help, Dir - move target cursor, f - dart slug
Aim: a dart slug (clinging)
The hobgoblin is in the way.
You hit the hobgoblin.
The hobgoblin is almost dead.
The hobgoblin hits you.
* * * LOW HITPOINT WARNING * * *
Attack whom?
Press: ? - help, Dir - move target cursor, f/p - dart slug
Aim: a dart slug (clinging)
The hobgoblin is in the way.
Your leather armour prevents you from hitting the hobgoblin.
The hobgoblin is almost dead.
You barely miss the hobgoblin.
The hobgoblin is almost dead.
The hobgoblin misses you.
You hit the hobgoblin but do no damage.
The hobgoblin is almost dead.
The hobgoblin barely misses you.
You hit the hobgoblin.
You kill the hobgoblin!
The dart slug launches a dart at you. The slug dart misses you.
You see here 17 gold pieces.
You hit the dart slug!
The dart slug is severely wounded.
Your magical infusion is running out.
The dart slug launches a dart at you. The slug dart hits you!
You die...

#.# #..#.#.# ####S#####....#.#
#### #...g...##.####.# ##...
#.......##......# ##...#
#.......######### ##...##
##.......################......
#>....K....................#.).
#.#.....#############.....##.._
#(.........).@w.......(....#.).
###.###.#############....(...(.
###.###'##### #........##
#...........#########w........#
#...........##.........g.......
#...........##...........(.....
##############....g............
#.................
#........##......#


You could see a dart slug.

Vanquished Creatures
  A hound skeleton (D:2)
  5 adders
  An ooze (D:1)
  A dart slug (D:1)
  A leopard gecko (D:2)
  A giant cockroach (D:2)
  4 goblins
  6 hobgoblins
  11 kobolds
  A quokka (D:1)
  4 bats
  3 frilled lizards
  4 rats (D:1)
43 creatures vanquished.

Notes
Turn   | Place    | Note
-------+----------+-------------------------------------------
     0 | D:1      | MenacingMecha the Human Skald began the quest for the Orb.
     0 | D:1      | Reached XP level 1. HP: 16/16 MP: 3/3
   170 | D:1      | Reached XP level 2. HP: 14/22 MP: 0/5
   577 | D:1      | Reached skill level 3 in Polearms
   797 | D:1      | Reached XP level 3. HP: 27/27 MP: 6/6
  1146 | D:2      | Found an iron altar of Okawaru.
  1603 | D:2      | Reached skill level 4 in Polearms
  1603 | D:2      | Reached XP level 4. HP: 25/33 MP: 3/7
  2549 | D:2      | Reached XP level 5. HP: 17/38 MP: 4/8
  2554 | D:2      | HP: 9/38 [goblin (2)]
  2566 | D:2      | HP: 9/38 [hobgoblin (2)]
  2576 | D:2      | Killed from afar by a dart slug

Vault maps used:
D:1:      dpeg_arrival_solitude, item_on_display_b
D:2:      okawaru_ov_weapons_minmay

Skill      XL: |  1  2  3 |
---------------+----------+-----
Polearms       | 3 4 |  4.8
Fighting       | |  2.0
Armour         | |  1.0
Dodging        | |  2.0
Spellcasting   | |  2.0
Charms         | |  3.0

Action                   |  1- 3 |  4- 6 || total
-------------------------+-------+-------++-------
Melee: Spear             |   108 |   102 ||   210
 Cast: Infusion          |     7 |     3 ||    10
 Stab: Distracted        |       |     1 ||     1
  Eat: Chunk             |     2 |     3 ||     5
Armor: Leather armour    |    28 |    16 ||    44
Dodge: Dodged            |    55 |    53 ||   108

Vault maps used:
D:1:      dpeg_arrival_solitude, item_on_display_b
D:2:      okawaru_ov_weapons_minmay

Table legend:
 A = Turns spent in this place as a percentage of turns spent in the entire game.
 B = Non-inter-level travel turns spent in this place as a percentage of non-inter-level travel turns spent in the entire game.
 C = Inter-level travel turns spent in this place as a percentage of turns spent in this place.
 D = Turns resting spent in this place as a percentage of non-inter-level travel turns spent in this place.
 E = Turns spent auto-exploring this place as a percentage of non-inter-level travel turns spent in this place.
 F = Non-inter-level travel turns spent in this place divided by the number of levels of this place that you've seen.
                   A       B       C       D       E      F
               +-------+-------+-------+-------+-------+----------------------
         Total | 100.0 | 100.0 |   0.3 |   8.0 |   5.5 | 351.5
       Dungeon | 100.0 | 100.0 |   0.3 |   8.0 |   5.5 | 351.5
               +-------+-------+-------+-------+-------+----------------------

Table legend:
 A = Kills in this place as a percentage of kills in entire the game.
 B = Kills by you in this place as a percentage of kills by you in the entire game.
 C = Kills by friends in this place as a percentage of kills by friends in the entire game.
 D = Other kills in this place as a percentage of other kills in the entire game.
 E = Experience gained in this place as a percentage of experience gained in the entire game.
 F = Experience gained in this place divided by the number of levels of this place that you have seen.
                   A       B       C       D       E      F
               +-------+-------+-------+-------+-------+----------------------
         Total | 100.0 | 100.0 |  -nan |  -nan | 100.0 |  75.0
       Dungeon | 100.0 | 100.0 |  -nan |  -nan | 100.0 |  75.0
               +-------+-------+-------+-------+-------+----------------------
